 Dungeon Crawl Stone Soup version 0.17-a0-1945-gfe993df (webtiles) character file.

4168 tp1 the Protected (level 10, -1/64 HPs)
             Began as a Gargoyle Berserker on Sept 30, 2015.
             Was a Priest of Trog.
             Slain by a hill giant
             ... wielding a +0 giant club
              (21 damage)
             ... on level 9 of the Dungeon.
             The game lasted 00:40:01 (6299 turns).

tp1 the Protected (Gargoyle Berserker)              Turns: 6299, Time: 00:40:04

Health: -1/64      AC: 26    Str: 24    XL:     10   Next: 28%
Magic:  10/10      EV:  9    Int:  8    God:    Trog [***...]
Gold:   250        SH:  0    Dex:  9    Spells: 0 memorised, 9 levels left

rFire  . . .     SeeInvis .     A - +3 mace (holy)
rCold  . . .     Clarity  .     y - +1 chain mail
rNeg   + . .     SustAt   .     (no shield)
rPois  ∞         Gourm    .     (no helmet)
rElec  +         Spirit   .     I - +2 cloak
rCorr  .         Warding  .     k - +0 pair of gloves
rMut   .         Stasis   .     l - +0 pair of boots
MR     ++...                    (no amulet)
Stlth  ..........               (no ring)
                                (no ring)

@: regenerating, very resistant to hostile enchantments, extremely unstealthy
A: negative energy resistance 1, electricity resistance, unbreathing,
petrification resistance, rot immunity, AC +7
a: Burn Spellbooks, Berserk, Trog's Hand, Renounce Religion


You were on level 9 of the Dungeon.
You worshipped Trog.
Trog was most pleased with you.
You were hungry.

You visited 1 branch of the dungeon, and saw 9 of its levels.

You collected 355 gold pieces.
You spent 105 gold pieces at shops.

Inventory:

Hand weapons
 A - a +3 mace of holy wrath (weapon)
 B - a +3 battleaxe
 D - a +0 war axe
Armour
 k - a +0 pair of gloves (worn)
 l - a +0 pair of boots (worn)
 x - a +0 ring mail
 y - a +1 chain mail (worn)
 C - a +0 scale mail
 I - a +2 cloak (worn)
Jewellery
 m - an uncursed amulet of resist mutation
Magical devices
 a - a wand of magic darts (36)
 b - a wand of enslavement (22)
 h - a wand of frost (37)
 t - a wand of frost (20)
 w - a wand of disintegration (10)
 z - a wand of flame (33)
Scrolls
 i - 3 scrolls of amnesia
 n - a scroll of teleportation
 q - 4 scrolls of noise
 r - 2 scrolls of random uselessness
 u - a scroll of magic mapping
 G - a scroll of remove curse
Potions
 e - 2 potions of agility
 g - 7 potions of curing
 j - a potion of heal wounds
 H - a potion of might
Books
 d - a book of Fire

   Spells                             Type                      Level
   a - Ignite Poison                  Fire/Transmutation/Poison    3
   b - Fireball                       Conjuration/Fire             5
   c - Bolt of Fire                   Conjuration/Fire             6
   d - Delayed Fireball               Conjuration/Fire             7
   e - Ring of Flames                 Charms/Fire                  7
   Trog disapproves of the use of such an item.
 s - a book of Changes

   Spells                             Type                      Level
   a - Beastly Appendage              Transmutation                1
   b - Sticks to Snakes               Transmutation                2
   c - Spider Form                    Transmutation/Poison         3
   d - Ice Form                       Ice/Transmutation            4
   e - Blade Hands                    Transmutation                5
   Trog disapproves of the use of such an item.
 F - a book of Summonings

   Spells                             Type                      Level
   a - Recall                         Summoning/Translocation      3
   b - Aura of Abjuration             Summoning                    5
   c - Shadow Creatures               Summoning                    5
   d - Summon Demon                   Summoning                    5
   e - Summon Forest                  Summoning/Translocation      5
   f - Summon Mana Viper              Hexes/Summoning              5
   Trog disapproves of the use of such an item.
Comestibles
 c - 4 bread rations
 f - 3 fruits
 o - a royal jelly
 p - 5 meat rations
 v - 3 beef jerkies
 E - 7 slices of pizza
 J - 2 chunks of flesh


   Skills:
 + Level 7.8 Fighting
 + Level 7.6(8.1) Axes
 + Level 4.5(7.0) Maces & Flails
 * Level 10.5 Armour
 - Level 1.5 Dodging


You had 9 spell levels left.
You didn't know any spells.

Dungeon Overview and Level Annotations

Branches:
Dungeon (9/15)             Temple (0/1) D:5
   Lair: D:8-11         Orc: D:9-12

Altars:
Fedhas
Yredelemnul
Zin

Shops:
D:4 *   D:6 (


Innate Abilities, Weirdness & Mutations

You are resistant to torment.
Your stone body is resilient (AC +7).
You are immune to poison.
You resist negative energy.
You are resistant to electric shocks.
You can survive without breathing.
You are immune to petrification.
You are immune to rotting.


Message History

Pain shoots through your body!
The orc priest casts a cantrip, but nothing happens.
Eat one of 3 chunks of flesh? (ye/n/q/i?) This raw flesh tastes terrible.
You continue eating.
The orc priest casts a cantrip, but nothing happens.
You continue eating.
You are feeling hungry.
The orc priest looks braver for a moment.
Wield which item (- for none, * to show all)? (? for menu, Esc to quit)
It softly glows with a divine radiance!
A - a +3 mace of holy wrath (weapon)
Use which ability?
Your skin crawls.
You feel resistant to hostile enchantments.
You feel slightly more hungry.
The orc priest calls down the wrath of Beogh upon you.
Something smites you!
The hill giant hits you with a giant club!!
You die...

#≈.≈≈≈l≈≈#.#≈≈≈≈
##≈.C≈≈≈≈≈# #
≈C≈ #...≈≈≈≈≈≈#
≈≈ #lo≈≈≈≈≈≈≈# ≈
#.#≈≈≈≈≈≈≈#
#.##≈≈≈≈≈≈#
#.###≈≈≈≈## #C#
#≈≈## #@# ###
#.# #.# #.# #.#
####### #.#
#...... #.#
#.#####
#.##########.#
#............#


You could see a hill giant, an iguana and an orc priest.

Vanquished Creatures
  The ghost of Rayvis the Fighter, an experienced MiMo of Ru (D:8)
  The ghost of Edirash the Slinger, an experienced HaHu (D:4)
  A troll (D:6)
  A hippogriff (D:7)
  3 wraiths (D:8)
  A human (D:8)
  2 orc warriors
  2 ogres
  A phantom (D:4)
  An eye of draining (D:8)
  An ice beast (D:6)
  A centaur (D:6)
  A necrophage (D:8)
  A big kobold (D:8)
  2 giant frogs
  A gnoll sergeant (D:7)
  2 scorpions
  3 wights (D:8)
  A water moccasin zombie (D:8)
  A troll zombie (D:8)
  4 orc priests
  2 jellies (D:8)
  A human zombie (D:8)
  3 hounds
  Crazy Yiuf (D:6)
  4 orc wizards
  2 giant frog skeletons
  A centaur skeleton (D:7)
  4 worker ants
  A human skeleton (D:8)
  4 sheep (D:8)
  A hound zombie (D:5)
  A mummy (D:8)
  A hound skeleton (D:4)
  5 gnolls (D:7)
  13 adders
  A shadow imp (D:6)
  2 adder skeletons
  2 worms
  9 giant geckos
  21 orcs
  4 giant cockroaches
  4 goblins
  7 hobgoblins
  5 jackals (D:7)
  A quokka (D:4)
  7 bats
  5 giant newts
  A jackal skeleton (D:5)
  A jackal zombie (D:7)
  7 kobolds
  An orc skeleton (D:8)
  5 rats
159 creatures vanquished.

Vanquished Creatures (others)
  An orc (D:9)
1 creature vanquished.

Grand Total: 160 creatures vanquished

Notes
Turn   | Place    | Note
--------------------------------------------------------------
     0 | D:1      | tp1 the Gargoyle Berserker began the quest for the Orb.
     0 | D:1      | Reached XP level 1. HP: 14/14 MP: 1/1
   165 | D:1      | Reached XP level 2. HP: 14/19 MP: 2/2
   578 | D:2      | Reached XP level 3. HP: 23/23 MP: 3/3
   598 | D:2      | Acquired Trog's second power
   989 | D:2      | Reached skill level 4 in Axes
   989 | D:2      | Reached XP level 4. HP: 24/28 MP: 4/4
  1605 | D:4      | Noticed Edirash's ghost (experienced HaHu)
  1621 | D:4      | Killed Edirash's ghost
  1621 | D:4      | Reached skill level 5 in Axes
  1621 | D:4      | Reached XP level 5. HP: 32/32 MP: 5/5
  1621 | D:4      | Reached XP level 6. HP: 37/37 MP: 6/6
  1657 | D:4      | Noticed a phantom
  1680 | D:4      | Killed a phantom
  1680 | D:4      | Reached skill level 5 in Armour
  1680 | D:4      | Reached XP level 7. HP: 41/41 MP: 7/7
  2069 | D:4      | Found Zishuiwn's Assorted Antiques.
  2181 | D:5      | Entered Level 5 of the Dungeon
  2191 | D:5      | Found a glowing silver altar of Zin.
  2252 | D:5      | Reached skill level 6 in Axes
  2633 | D:5      | Found a staircase to the Ecumenical Temple.
  2910 | D:5      | Reached XP level 8. HP: 20/48 MP: 8/8
  2979 | D:6      | Reached skill level 7 in Armour
  3137 | D:6      | Noticed a troll
  3185 | D:6      | Found Sosumuu's Antique Weapon Boutique.
  3249 | D:7      | Found a blossoming altar of Fedhas.
  3674 | D:6      | Killed a troll
  3674 | D:6      | Reached skill level 5 in Fighting
  3674 | D:6      | Reached skill level 1 in Maces & Flails
  3695 | D:6      | Bought a glowing mace for 105 gold pieces
  3772 | D:6      | Noticed Crazy Yiuf
  3783 | D:6      | Killed Crazy Yiuf
  4249 | D:7      | Reached skill level 8 in Armour
  4489 | D:7      | Reached XP level 9. HP: 52/55 MP: 9/9
  5250 | D:8      | Reached skill level 9 in Armour
  5427 | D:8      | Noticed Rayvis's ghost (experienced MiMo)
  5448 | D:8      | Killed Rayvis's ghost
  5675 | D:8      | Reached XP level 10. HP: 46/63 MP: 10/10
  5697 | D:8      | Reached skill level 10 in Armour
  5730 | D:8      | Found a basalt altar of Yredelemnul.
  6262 | D:9      | Found a basalt altar of Yredelemnul.
  6280 | D:9      | Noticed a hill giant
  6299 | D:9      | Slain by a hill giant

Vault maps used:
D:1:      minmay_arrival_hallway
D:4:      serial_shops, nicolae_shop_behind_doors
D:5:      lemuel_crystal_altar, minmay_temple_entry_glass, first_bread
D:6:      serial_shops, nicolae_shop_crystal, grunt_ministairs_9,
          uniq_crazy_yiuf_cottage
D:7:      fedhas_altar_3
D:8:      lemuel_mausoleum_altar_yredelemnul, minmay_overflow_temple_star_quad,
          grunt_livestock
D:9:      lemuel_doored_altar, david_lair_generic,
          minmay_orc_entry_temple_small, basic_altar,
          hangedman_abyss_or_decor_jellyfish_corner

Action                   |  1- 3 |  4- 6 |  7- 9 | 10-12 || total
-------------------------+-------+-------+-------+-------++-------
Melee: Hand axe          |    95 |    71 |       |       ||   166
       War axe           |       |    26 |   204 |       ||   230
       Mace              |       |       |   224 |    75 ||   299
       Battleaxe         |       |       |       |     7 ||     7
Invok: Berserk           |     1 |     2 |     8 |     2 ||    13
       Trog's Hand       |       |     2 |     9 |     3 ||    14
  Use: Scroll            |       |       |    15 |     1 ||    16
       Potion            |       |       |     6 |       ||     6
  Eat: Chunk             |     1 |     3 |    21 |     2 ||    27
       Bread ration      |       |       |     1 |       ||     1
       Pizza             |       |       |       |     1 ||     1
